 Dungeon Crawl Stone Soup version 0.19-a0-1168-g98094fc (webtiles) character file.

82109 PurpleRed the Severer (level 16, -2/147 HPs)
             Began as a Human Berserker on Aug 15, 2016.
             Was a High Priest of Trog.
             Slain by alcopop's ghost (3 damage)
             ... on level 4 of the Snake Pit.
             The game lasted 01:27:13 (10061 turns).

PurpleRed the Severer (Human Berserker)            Turns: 10061, Time: 01:27:14

Health: -2/147     AC: 22    Str: 25    XL:     16   Next: 20%
Magic:  0/5        EV: 26    Int:  9    God:    Trog [*****.]
Gold:   1221       SH:  0    Dex: 21    Spells: 0 memorised, 15 levels left

rFire  + . .     SeeInvis +     a - +5 executioner's axe (antimagic)
rCold  + . .     Gourm    .     l - +1 ring mail "Nimegau" {rPois MR- rCorr}
rNeg   . . .     Faith    .     (shield currently unavailable)
rPois  +         Spirit   +     j - +1 helmet "Kettidam" {rElec rF+ SInv}
rElec  +         Dismiss  .     G - +2 cloak {rC+}
rCorr  +         Reflect  .     q - +1 pair of gloves
MR     ++...     Harm     .     i - +1 pair of boots
Stlth  +.........               R - amulet of guardian spirit
                                g - +3 ring of slaying
                                b - +6 ring of protection

@: mighty, agile, afraid, very slightly contaminated, starving, regenerating,
slowed, glowing, very slow
A: deformed body, robust 1, screaming 1, no device heal 1
a: Berserk, Trog's Hand, Brothers in Arms, Burn Spellbooks, Renounce Religion


You were on level 4 of the Snake Pit.
You worshipped Trog.
Trog was extremely pleased with you.
You were starving.

You visited 5 branches of the dungeon, and saw 26 of its levels.
You also visited: Sewer and Ice Cave.

You collected 1951 gold pieces.
You spent 730 gold pieces at shops.

Inventory:

Hand Weapons
 a - a +5 antimagic executioner's axe (weapon)
 n - a +2 executioner's axe of freezing
 v - a +5 battleaxe of freezing
 E - a cursed +1 battleaxe
 L - a +4 battleaxe of flaming
 U - a +3 vampiric battleaxe
Missiles
 w - 7 throwing nets (quivered)
Armour
 h - a +1 plate armour of cold resistance
 i - a +1 pair of boots (worn)
 j - the +1 helmet "Kettidam" (worn) {rElec rF+ SInv}
   (You found it on level 4 of the Lair of Beasts)

   It protects you from fire.
   It insulates you from electricity.
   It lets you see invisible.
 l - the +1 ring mail "Nimegau" (worn) {rPois MR- rCorr}
   (You bought it in a shop on level 2 of the Orcish Mines)

   It protects you from poison.
   It affects your resistance to hostile enchantments.
   It protects you from acid and corrosion.
 q - a +1 pair of gloves (worn)
 D - the +1 hat of Ureyff {*Confuse Dex+8}
   (You found it in an ice cave)

   It affects your dexterity (+8).
   It may confuse you when you take damage.
 G - a +2 cloak of cold resistance (worn)
 Q - a +2 scale mail of poison resistance
Jewellery
 b - a +6 ring of protection (left hand)
 g - a +3 ring of slaying (right hand)
 C - an uncursed ring of see invisible
 I - an uncursed ring of positive energy
 R - an amulet of guardian spirit (around neck)
Wands
 k - a wand of flame (22/48)
 p - a wand of digging (9/24)
 s - a wand of paralysis (11/24)
 F - a wand of lightning (15/15)
 S - a wand of iceblast (7/15)
 T - a wand of disintegration (9/24)
Scrolls
 r - 2 scrolls of identify
 y - a scroll of remove curse
 B - 2 scrolls of recharging
 M - a scroll of magic mapping
 O - a scroll of enchant armour
Potions
 e - 8 potions of curing
 f - a potion of berserk rage
 o - 4 potions of flight
 u - a potion of ambrosia
 x - 3 potions of might
 z - a potion of brilliance
 A - 2 potions of agility
Books
 m - a book of Air

   Spells                             Type                      Level
   a - Shock                          Conjuration/Air              1
   b - Swiftness                      Charms/Air                   2
   c - Repel Missiles                 Charms/Air                   2
   d - Static Discharge               Conjuration/Air              3
   e - Lightning Bolt                 Conjuration/Air              5
   Trog disapproves of the use of such an item.
 N - a book of Misfortune

   Spells                             Type                      Level
   a - Confusing Touch                Hexes                        1
   b - Confuse                        Hexes                        3
   c - Gell's Gravitas                Hexes/Translocation          3
   d - Petrify                        Transmutation/Earth          4
   e - Metabolic Englaciation         Hexes/Ice                    5
   f - Yara's Violent Unravelling     Hexes/Transmutation          5
   Trog disapproves of the use of such an item.
 P - a book of Beasts

   Spells                             Type                      Level
   a - Summon Butterflies             Summoning                    1
   b - Call Canine Familiar           Summoning                    3
   c - Summon Ice Beast               Ice/Summoning                4
   d - Summon Mana Viper              Hexes/Summoning              5
   e - Summon Hydra                   Summoning                    7
   Trog disapproves of the use of such an item.
 V - a book of Power

   Spells                             Type                      Level
   a - Fulminant Prism                Conjuration/Hexes            4
   b - Iskenderun's Mystic Blast      Conjuration                  4
   c - Venom Bolt                     Conjuration/Poison           5
   d - Bolt of Magma                  Conjuration/Fire/Earth       5
   e - Iron Shot                      Conjuration/Earth            6
   f - Orb of Destruction             Conjuration                  7
   g - Spellforged Servitor           Conjuration/Summoning        7
   Trog disapproves of the use of such an item.
Miscellaneous
 J - a disc of storms
Comestibles
 c - 3 bread rations
 d - 8 meat rations
 H - 7 fruits
 K - 2 beef jerkies


   Skills:
 + Level 14.6 Fighting
 + Level 17.6 Axes
 - Level 9.5 Armour
 + Level 11.4 Dodging


You had 15 spell levels left.
You didn't know any spells.

Dungeon Overview and Level Annotations

Branches:
Dungeon (13/15)            Temple (1/1) D:7            Lair (6/6) D:10
  Snake (4/4) Lair:3        Slime (0/5) Lair:6          Orc (2/2) D:12
    Elf (0/3) Orc:2
  Swamp: Lair:2-4    Shoals: Lair:2-4    Vaults: D:13-14

Altars:
Dithmenos
Elyvilon
Gozag
Hepliaklqana
Makhleb
Nemelex Xobeh
Uskayaw
Yredelemnul
The Shining One

Shops:
Orc:2 (([(%

Annotations:
Snake:3 Vashnia
Snake:4 Bai Suzhen; alcopop's ghost, adept FoAM


Innate Abilities, Weirdness & Mutations

Armour fits poorly on your strangely shaped body.
You are robust. (+10% HP)
You occasionally shout uncontrollably at your foes.
Potions and wands are less effective at restoring your health.


Message History

Bai Suzhen casts a spell.
A five-headed hydra appears.
Alcopop's ghost hits you but does no damage.
Alcopop's ghost casts a spell.
Alcopop's ghost radiates an aura of fear!
You are terrified of alcopop's ghost!
Bai Suzhen gestures wildly while chanting.
You are starving!
Alcopop's ghost hits you but does no damage.
Alcopop's ghost points at you and mumbles some strange words.
You easily resist.
Evoke which item? (* to show all) (? for menu, Esc to quit)
Zapping:
p - a wand of digging {zapped: 2} (will waste charges)
Press: ? - help, Shift-Dir - straight line The rock shatters into small pieces.
Evoking this partially-identified wand wasted a few charges.
Alcopop's ghost hits you!!
* * * LOW HITPOINT WARNING * * *
Alcopop's ghost freezes you.
You die...

#D.......#
##N..##ยง..#
##.#########
##D## ##N##
##.## ##d##
##W## #@##
##.# #.# #.#
#.# #.# ##


You could see Bai Suzhen, a naga warrior, a five-headed hydra, a naga and
alcopop's ghost.

Vanquished Creatures
  Gastronok (D:11)
  A frost giant (IceCv)
  Erolcha (Orc:2)
  4 hydras
  Harold (Orc:1)
  A naga warrior (Snake:3)
  17 death yaks
  4 shock serpents
  2 orc high priests (Orc:2)
  9 naga sharpshooters
  A salamander mystic (Snake:3)
  A fire crab (Lair:6)
  3 orc knights
  A naga ritualist (Snake:1)
  A deep elf mage (Orc:2)
  3 mana vipers
  A griffon (Lair:3)
  An ugly thing (D:11)
  2 cyclopes
  2 orc sorcerers
  2 guardian serpents
  13 black mambas
  An ice statue (IceCv)
  3 naga magi
  The ghost of aesoa the Ducker, a novice MfGl of Fedhas (D:4)
  7 rime drakes
  16 spiny frogs
  3 komodo dragons
  A kobold demonologist (D:12)
  4 trolls
  2 two-headed ogres
  14 polar bears (IceCv)
  3 giant leeches (Lair:6)
  6 blink frogs
  2 shadows
  A vampire (D:11)
  39 yaks
  12 wyverns
  Eustachio (D:4)
  A hungry ghost (D:13)
  5 basilisks
  4 hippogriffs
  4 vampire mosquitoes (Lair:6)
  A warg (Orc:2)
  11 nagas
  12 water moccasins
  A hell hound (Lair:5)
  5 porcupines
  14 orc warriors
  2 black bears
  An ice beast (D:6)
  2 phantoms
  A necrophage (D:8)
  3 sky beasts
  4 ogres
  25 wolves
  10 centaurs
  10 crocodiles
  2 big kobolds
  21 giant frogs
  5 scorpions
  6 killer bees (D:10)
  An electric eel (Lair:3)
  15 wights
  A howler monkey (D:11)
  A giant frog zombie (D:5)
  8 crimson imps
  A lava snake (D:12)
  2 centaur zombies
  2 hounds
  A centaur skeleton (D:11)
  2 jellies
  10 orc priests
  A giant frog skeleton (D:10)
  3 iguanas
  4 worker ants
  15 orc wizards
  7 sheep
  A hound zombie (D:9)
  A hound skeleton (D:6)
  4 gnolls (D:6)
  6 adders
  43 river rats
  A shadow imp (D:11)
  4 white imps (D:11)
  3 oozes
  An adder zombie (D:5)
  2 adder skeletons
  A worm (D:5)
  A dart slug (D:2)
  5 giant geckos
  51 orcs
  6 bats
  4 giant cockroaches
  3 goblins
  2 hobgoblins
  14 jackals
  12 kobolds
  2 quokkas
  2 ball pythons (D:3)
  5 giant newts
  2 gnoll zombies (D:2)
  A quokka skeleton (D:5)
  16 rats
  7 fungi
  4 plants (Lair:6)
616 creatures vanquished.

Vanquished Creatures (collateral kills)
  A naga warrior (Snake:2)
  2 death yaks (Lair:6)
  An orc high priest (Orc:2)
  3 orc knights (Orc:2)
  3 orc sorcerers (Orc:2)
  A spiny frog (Lair:6)
  A giant leech (Lair:6)
  A warg (Orc:2)
  6 orc warriors (Orc:2)
  An ogre (Orc:2)
  3 wights (D:10)
  An orc priest (Orc:2)
  2 orc wizards
  2 sheep (Lair:6)
  2 orcs
30 creatures vanquished.

Vanquished Creatures (others)
  A naga warrior (Snake:4)
  8 fungi
  14 plants
23 creatures vanquished.

Grand Total: 669 creatures vanquished

Notes
Turn   | Place    | Note
-------+----------+-------------------------------------------
     0 | D:1      | PurpleRed the Human Berserker began the quest for the Orb.
     0 | D:1      | Reached XP level 1. HP: 18/18 MP: 1/1
    37 | D:1      | Reached XP level 2. HP: 18/24 MP: 2/2
    86 | D:2      | Found a basalt altar of Yredelemnul.
   238 | D:1      | You fall through a shaft!
   238 | D:2      | Found a sparkling altar of Nemelex Xobeh.
   246 | D:2      | Reached XP level 3. HP: 8/29 MP: 3/3
   424 | D:3      | Reached ** piety under Trog
   424 | D:3      | Reached skill level 4 in Axes
   425 | D:3      | Reached XP level 4. HP: 29/37 MP: 4/4
   589 | D:3      | Reached XP level 5. HP: 34/42 MP: 5/5
   830 | D:3      | Found a glowing drain.
   878 | Sewer    | Entered a sewer
   921 | Sewer    | Noticed a big kobold
   929 | Sewer    | Reached skill level 5 in Axes
   932 | Sewer    | Killed a big kobold
   932 | Sewer    | Reached XP level 6. HP: 36/49 MP: 6/6
   948 | Sewer    | Found a white marble altar of Elyvilon.
  1091 | D:4      | Noticed aesoa's ghost (novice MfGl)
  1112 | D:4      | Killed aesoa's ghost
  1112 | D:4      | Reached skill level 6 in Axes
  1112 | D:4      | Reached XP level 7. HP: 53/55 MP: 7/7
  1154 | D:4      | Noticed Eustachio
  1180 | D:4      | Killed Eustachio
  1180 | D:4      | Reached skill level 5 in Fighting
  1379 | D:5      | Entered Level 5 of the Dungeon
  1388 | D:5      | Reached *** piety under Trog
  1388 | D:5      | Reached skill level 7 in Axes
  1388 | D:5      | Reached XP level 8. HP: 62/62 MP: 8/8
  1476 | D:5      | Found a hazy altar of Hepliaklqana.
  1802 | D:6      | Reached skill level 8 in Axes
  1899 | D:6      | Reached XP level 9. HP: 69/69 MP: 9/9
  1947 | D:6      | Reached skill level 5 in Armour
  2281 | D:6      | Reached skill level 9 in Axes
  3121 | D:7      | Found a staircase to the Ecumenical Temple.
  3127 | Temple   | Entered the Ecumenical Temple
  3200 | D:8      | Noticed a two-headed ogre
  3210 | D:8      | Killed a two-headed ogre
  3284 | D:9      | Reached **** piety under Trog
  3292 | D:9      | Reached skill level 10 in Axes
  3292 | D:9      | Reached XP level 10. HP: 79/79 MP: 10/10
  3364 | D:10     | Entered Level 10 of the Dungeon
  3471 | D:9      | Found a hide-covered altar of Uskayaw.
  3471 | D:9      | Found a shadowy altar of Dithmenos.
  3540 | D:9      | Found an opulent altar of Gozag.
  3730 | D:10     | Found a staircase to the Lair.
  3740 | D:10     | Reached skill level 11 in Axes
  3839 | D:10     | Reached ***** piety under Trog
  4268 | D:11     | Reached XP level 11. HP: 78/87 MP: 11/11
  4367 | D:11     | Noticed Gastronok
  4390 | D:11     | Killed Gastronok
  4390 | D:11     | Reached skill level 12 in Axes
  4624 | D:11     | Noticed a cyclops
  4640 | D:11     | Killed a cyclops
  4862 | D:11     | Noticed a red ugly thing
  4877 | D:11     | Killed a red ugly thing
  4939 | D:11     | Reached skill level 13 in Axes
  5022 | D:12     | Reached XP level 12. HP: 97/97 MP: 12/12
  5114 | D:13     | Received a gift from Trog
  5279 | D:12     | Reached skill level 10 in Fighting
  5376 | D:12     | Found a staircase to the Orcish Mines.
  5396 | Orc:1    | Entered Level 1 of the Orcish Mines
  5396 | Orc:1    | Noticed Harold
  5410 | Orc:1    | Killed Harold
  5653 | Orc:2    | Entered Level 2 of the Orcish Mines
  5704 | Orc:2    | Reached skill level 14 in Axes
  5730 | Orc:2    | Noticed a flail of distortion
  5951 | Orc:2    | Noticed an orc high priest
  5984 | Orc:2    | Gained mutation: Armour fits poorly on your strangely shaped body. [a neqoxec]
  5992 | Orc:2    | Killed an orc high priest
  6112 | Orc:2    | Noticed an orc high priest
  6125 | Orc:2    | Killed an orc high priest
  6125 | Orc:2    | Reached XP level 13. HP: 104/104 MP: 13/13
  6221 | Orc:2    | Found Cidd's Antique Weapon Shoppe.
  6221 | Orc:2    | Found Bupni's Antique Weapon Shoppe.
  6222 | Orc:2    | Found Tak Zuu's Antique Armour Boutique.
  6222 | Orc:2    | Found Ceta's Weapon Boutique.
  6243 | Orc:2    | Bought an ichor-stained ring mail for 189 gold pieces
  6253 | Orc:2    | Identified the cursed +1 ring mail "Nimegau" {rPois MR- rCorr} (You bought it in a shop on level 2 of the Orcish Mines)
  6265 | Orc:2    | Bought a +5 battleaxe of freezing for 541 gold pieces
  6327 | Orc:2    | Found Ximacw's Food Shop.
  6367 | Orc:2    | Noticed Erolcha
  6372 | Orc:2    | Found a staircase to the Elven Halls.
  6382 | Orc:2    | Killed Erolcha
  6391 | Orc:2    | Reached skill level 15 in Axes
  6391 | Orc:2    | Reached skill level 5 in Dodging
  6675 | Lair:1   | Entered Level 1 of the Lair of Beasts
  6711 | Lair:1   | Received a gift from Trog
  6835 | Lair:2   | Found a frozen archway.
  6867 | IceCv    | Entered an ice cave
  7083 | IceCv    | Got an ancient hat
  7098 | IceCv    | Noticed a frost giant
  7135 | IceCv    | Killed a frost giant
  7479 | Lair:3   | Noticed an eight-headed hydra
  7488 | Lair:3   | Killed a 12-headed hydra
  7488 | Lair:3   | Reached XP level 14. HP: 104/115 MP: 14/14
  7604 | Lair:4   | Got an encrusted helmet
  7618 | Lair:4   | Gained mutation: You are weak. (Str -2) [potion of mutation]
  7618 | Lair:4   | Gained mutation: You are clumsy. (Dex -2) [potion of mutation]
  7618 | Lair:4   | Gained mutation: Potions and wands are less effective at restoring your health. [potion of mutation]
  7652 | Lair:4   | Identified the +1 hat of Ureyff {*Confuse Dex+8} (You found it in an ice cave)
  7664 | Lair:4   | Identified the +1 helmet "Kettidam" {rElec rF+ SInv} (You found it on level 4 of the Lair of Beasts)
  7763 | Lair:6   | Entered Level 6 of the Lair of Beasts
  7771 | Lair:6   | Reached skill level 16 in Axes
  7796 | Lair:6   | Reached ****** piety under Trog
  7802 | Lair:6   | Received a gift from Trog
  7946 | Lair:6   | Gained mutation: You are robust. (+10% HP) [potion of beneficial mutation]
  8038 | Lair:6   | Lost mutation: You are weak. (Str -2) [potion of mutation]
  8038 | Lair:6   | Lost mutation: You are clumsy. (Dex -2) [potion of mutation]
  8038 | Lair:6   | Gained mutation: You occasionally shout uncontrollably at your foes. [potion of mutation]
  8113 | Lair:6   | Reached XP level 15. HP: 99/136 MP: 11/15
  8200 | Lair:6   | Found a staircase to the Slime Pits.
  8414 | Lair:4   | Reached skill level 10 in Dodging
  8443 | Lair:3   | Received a gift from Trog
  8607 | Lair:5   | HP: 4/137 [basilisk (7)]
  8834 | Lair:5   | Reached skill level 17 in Axes
  9117 | Lair:3   | Found a staircase to the Snake Pit.
  9275 | Snake:1  | Entered Level 1 of the Snake Pit
  9671 | Snake:3  | Received a gift from Trog
  9824 | Snake:3  | Reached XP level 16. HP: 147/147 MP: 11/16
  9882 | Snake:3  | Noticed Vashnia
  9993 | Snake:4  | Entered Level 4 of the Snake Pit
  9999 | Snake:4  | Noticed Bai Suzhen
 10000 | Snake:4  | Noticed alcopop's ghost (adept FoAM)
 10054 | Snake:4  | HP: 4/147 [alcopop's ghost (6)]
 10061 | Snake:4  | HP: 1/147 [alcopop's ghost (17)]
 10061 | Snake:4  | Slain by alcopop's ghost

Vault maps used:
D:1:      ncdulo_wetmaze, minmay_misc_feat_more_columns
D:2:      lemuel_zombie_altar_yredelemnul, nemelex_xobeh_ov_fountains_minmay,
          grunt_qazlal_clouds
D:3:      first_bread, portal_sewer_entry_c, uniq_grinder
D:4:      grunt_ministairs_8, uniq_eustachio
D:5:      basic_altar, corexii_leaking_fountain
D:6:      black_bear_nest_1
D:8:      minmay_blocky_corners, hangedman_ranch
D:9:      lemuel_coloured_pillars_altar, gammafunk_temple_overflow_elements,
          kennysheep_mini
D:10:     due_lair_maze_entry_diamond
D:11:     minmay_nine_imps, uniq_gastronok
D:12:     orc_0_dummy, grunt_decor_clamped, kennysheep_dice
Temple:   eino_temple_scatter_basement
Lair:1:   beast_lair_carwin_11, grunt_megastairs_1
Lair:2:   kennysheep_rathole, swamp_mist_pool, portal_ice_cave_rime,
          beast_lair_carwin_7
Lair:3:   dummy_snake_entry, basic_altar, special_room, patterned_corridor,
          grunt_megastairs_2, serial_bayou_shore_a
Lair:5:   lemuel_ratsnest, special_room, beast_lair_carwin_10,
          grunt_megastairs_3, infiniplex_staircase_pool
Lair:6:   minmay_lair_end_frog_pond, slime_dummy, lemuel_fruit_tree
Snake:1:  st_stairs_4
Snake:3:  uniq_agnes, uniq_azrael, uniq_vashnia
Snake:4:  grunt_snake_rune_pools, st_stairs_14, uniq_bai_suzhen, uniq_roxanne,
          uniq_jorgrun
Orc:1:    uniq_harold
Orc:2:    st_orc_elflike, serial_shops, nicolae_shop_waterfront, uniq_erolcha
Sewer:    sewer_kobolds
IceCv:    ice_cave_small_giant

Skill      XL: |  1  2  3  4  5  6  7  8  9 10 11 12 13 14 15 |
---------------+----------------------------------------------+-----
Axes           | 4 5 6 7 8 10 11 13 14 15 16 17 | 17.6
Fighting       | 4 5 6 7 8 9 10 12 13 14 | 14.6
Armour         | 3 4 6 7 9 |  9.5
Dodging        | 4 7 9 11 | 11.4

Action                   |  1- 3 |  4- 6 |  7- 9 | 10-12 | 13-15 | 16-18 || total
-------------------------+-------+-------+-------+-------+-------+-------++-------
Melee: Hand axe          |    57 |    83 |   266 |   796 |   353 |       ||  1555
       Battleaxe         |       |       |       |       |   499 |    52 ||   551
       Executioner's axe |       |       |       |       |       |     2 ||     2
Invok: Berserk           |     2 |     2 |     7 |    17 |    20 |     1 ||    49
       Trog's Hand       |       |     1 |       |     4 |    10 |     2 ||    17
       Brothers in Arms  |       |       |       |     3 |     4 |       ||     7
Evoke: Wand              |       |       |       |       |     1 |     2 ||     3
  Use: Scroll            |     2 |     4 |     7 |     9 |     6 |     2 ||    30
       Potion            |       |     1 |       |     5 |     8 |     5 ||    19
  Eat: Chunk             |       |     4 |    13 |    30 |    32 |       ||    79
       Fruit             |       |       |     2 |     1 |     7 |       ||    10
       Bread ration      |       |       |     1 |       |     1 |       ||     2
       Royal jelly       |       |       |       |     3 |       |       ||     3
       Pizza             |       |       |       |     3 |     1 |       ||     4
       Beef jerky        |       |       |       |     1 |     1 |       ||     2
Armor: Animal skin       |     4 |       |       |       |       |       ||     4
       Ring mail         |     9 |       |       |       |   404 |    45 ||   458
       Scale mail        |    19 |    26 |    52 |       |       |       ||    97
       Chain mail        |       |       |    71 |    39 |       |       ||   110
       Plate armour      |       |       |       |   517 |   250 |       ||   767
Dodge: Dodged            |    34 |    39 |   129 |   240 |   795 |   112 ||  1349
